SA
NIAGARA FALLS EXPOS @ KENNESAW JETS
07/30/2026
 
TOP OF THE 1ST
Niagara Falls Expos batting - Pitching for Kennesaw Jets : RHP José López
Pitching: RHP José López
Batting: RHB Roberto Camacho 0-0: Foul Ball, location: 2F
0-1: Foul Ball, location: 2F
0-2: Foul Ball, location: 2F
0-2: Foul Ball, location: 2F
0-2: Ball
1-2: Strikes out swinging
Batting: LHB Mark Armstead 0-0: Ball
1-0: Ball
2-0: Foul Ball, location: 2F
2-1: Foul Ball, location: 2F
2-2: Hit by Pitch
Batting: RHB Edgardo Castro 0-0: Ball
1-0: Grounds into double play, 5-4-3 (Groundball, 56)
Top of the 1st over - 0 run(s), 0 hit(s), 0 error(s), 0 left on base; Niagara Falls 0 - Kennesaw 0
BOTTOM OF THE 1ST
Kennesaw Jets batting - Pitching for Niagara Falls Expos : LHP Ramón Cerrillo
Pitching: LHP Ramón Cerrillo
Batting: RHB Raúl Francisco 0-0: Foul Ball, location: 2F
0-1: Fly out, F6 (Popup, 6D)
Batting: LHB Manuel Márquez 0-0: Called Strike
0-1: Ball
1-1: SINGLE (Groundball, 56D)
Batting: RHB Enoch Reinhardt 0-0: Ball
1-0: Foul Ball, location: 2F
1-1: Ball
Manuel Márquez is caught stealing 2nd base
2-1: Ball
3-1: Fly out, F8 (Line Drive, 8LM)
Bottom of the 1st over - 0 run(s), 1 hit(s), 0 error(s), 0 left on base; Niagara Falls 0 - Kennesaw 0
TOP OF THE 2ND
Niagara Falls Expos batting - Pitching for Kennesaw Jets : RHP José López
Batting: RHB Mario Germán 0-0: Called Strike
0-1: Swinging Strike
0-2: Ball
1-2: Ball
2-2: Foul Ball, location: 2F
2-2: Strikes out looking
Batting: LHB Carlos Germán 0-0: Called Strike
0-1: Foul Ball, location: 2F
0-2: Ball
1-2: Ball
2-2: Strikes out swinging
Batting: RHB Damien Medforth 0-0: Foul Ball, location: 2F
0-1: Swinging Strike
0-2: Ball
1-2: Strikes out swinging, 2-3 out at first.
Top of the 2nd over - 0 run(s), 0 hit(s), 0 error(s), 0 left on base; Niagara Falls 0 - Kennesaw 0
BOTTOM OF THE 2ND
Kennesaw Jets batting - Pitching for Niagara Falls Expos : LHP Ramón Cerrillo
Batting: LHB Pedro Corona 0-0: Ball
1-0: Ball
2-0: Called Strike
2-1: Ball
3-1: Base on Balls
Batting: RHB Vic Richards 0-0: Swinging Strike
0-1: Called Strike
0-2: Grounds into double play, 6-4-3 (Groundball, 6)
Batting: SHB Pat Sargent 0-0: Ball
1-0: Foul Ball, location: 2F
1-1: Foul Ball, location: 2F
1-2: Ball
2-2: Foul Ball, location: 2F
2-2: SINGLE (Groundball, 6M) (infield hit)
Batting: RHB Bernardo Martínez 0-0: SINGLE (Line Drive, 89M)
Pat Sargent to second
Batting: RHB Bartolo Rosas 0-0: Ball
1-0: Ball
2-0: Fly out, F9 (Flyball, 9)
Bottom of the 2nd over - 0 run(s), 2 hit(s), 0 error(s), 2 left on base; Niagara Falls 0 - Kennesaw 0
TOP OF THE 3RD
Niagara Falls Expos batting - Pitching for Kennesaw Jets : RHP José López
Batting: RHB Justin Smelter 0-0: Called Strike
0-1: Ground out 1-3 (Groundball, 15S)
Batting: RHB Hou Kong 0-0: Swinging Strike
0-1: Swinging Strike
0-2: Foul Ball, location: 2F
0-2: Ball
1-2: Strikes out swinging
Batting: RHB Jim Unknown 0-0: Ground out 4-3 (Groundball, 4D)
Top of the 3rd over - 0 run(s), 0 hit(s), 0 error(s), 0 left on base; Niagara Falls 0 - Kennesaw 0
BOTTOM OF THE 3RD
Kennesaw Jets batting - Pitching for Niagara Falls Expos : LHP Ramón Cerrillo
Batting: RHB Gerardo Maldonado 0-0: Ball
1-0: Fly out, F7 (Line Drive, 7)
Batting: RHB Raúl Francisco 0-0: Called Strike
0-1: Ground out 5-3 (Groundball, 5)
Batting: LHB Manuel Márquez 0-0: Ball
1-0: Ball
2-0: Ball
3-0: Called Strike
3-1: Foul Ball, location: 2F
3-2: Foul Ball, location: 2F
3-2: Ground out 5-3 (Groundball, 56)
Bottom of the 3rd over - 0 run(s), 0 hit(s), 0 error(s), 0 left on base; Niagara Falls 0 - Kennesaw 0
TOP OF THE 4TH
Niagara Falls Expos batting - Pitching for Kennesaw Jets : RHP José López
Batting: RHB Roberto Camacho 0-0: Called Strike
0-1: Ground out 5-3 (Groundball, 56)
Batting: LHB Mark Armstead 0-0: Ball
1-0: Called Strike
1-1: Called Strike
1-2: Foul Ball, location: 2F
1-2: Strikes out swinging
Batting: RHB Edgardo Castro 0-0: Ball
1-0: Ball
2-0: Foul Ball, location: 2F
2-1: Foul Ball, location: 2F
2-2: Reached on error, E5 (Groundball, 5)
Batting: RHB Mario Germán 0-0: Foul Ball, location: 2F
0-1: Called Strike
0-2: Ball
1-2: Foul Ball, location: 2F
1-2: Foul Ball, location: 2F
1-2: Ball
2-2: Foul Ball, location: 2F
2-2: Fly out, F3 (Popup, 3)
Top of the 4th over - 0 run(s), 0 hit(s), 1 error(s), 1 left on base; Niagara Falls 0 - Kennesaw 0
BOTTOM OF THE 4TH
Kennesaw Jets batting - Pitching for Niagara Falls Expos : LHP Ramón Cerrillo
Batting: RHB Enoch Reinhardt 0-0: Called Strike
0-1: Ball
1-1: Fly out, F9 (Line Drive, 9)
Batting: LHB Pedro Corona 0-0: SINGLE (Groundball, 34D)
Pitching: LHP Jorge Alarcon
Batting: RHB Vic Richards 0-0: Ball
1-0: Ball
2-0: Called Strike
2-1: Foul Ball, location: 2F
2-2: Foul Ball, location: 2F
2-2: Ball
3-2: Foul Ball, location: 2F
3-2: Strikes out swinging
Batting: SHB Pat Sargent 0-0: Ball
1-0: Fielders Choice at 2nd, 5-4 (Groundball, 56)
Bottom of the 4th over - 0 run(s), 1 hit(s), 0 error(s), 0 left on base; Niagara Falls 0 - Kennesaw 0
TOP OF THE 5TH
Niagara Falls Expos batting - Pitching for Kennesaw Jets : RHP José López
Batting: LHB Carlos Germán 0-0: Ball
1-0: Swinging Strike
1-1: Foul Ball, location: 2F
1-2: Ball
2-2: Ball
3-2: Fly out, F7 (Flyball, 7)
Batting: RHB Damien Medforth 0-0: Called Strike
0-1: Foul Ball, location: 2F
0-2: Ground out 6-3 (Groundball, 6M)
Batting: RHB Justin Smelter 0-0: Swinging Strike
0-1: Fly out, F5 (Popup, 56)
Top of the 5th over - 0 run(s), 0 hit(s), 0 error(s), 0 left on base; Niagara Falls 0 - Kennesaw 0
BOTTOM OF THE 5TH
Kennesaw Jets batting - Pitching for Niagara Falls Expos : LHP Jorge Alarcon
Batting: RHB Bernardo Martínez 0-0: Swinging Strike
0-1: Ball
1-1: Reached on error, E7 (Flyball, 7S)
Batting: RHB Bartolo Rosas 0-0: Called Strike
0-1: Bunt missed!
0-2: Ball
1-2: Ball
2-2: Foul Ball, location: 2F
2-2: Ball
3-2: Grounds into double play, 4-6-3 (Groundball, 4)
Batting: RHB Gerardo Maldonado 0-0: Fly out, F9 (Flyball, 9S)
Bottom of the 5th over - 0 run(s), 0 hit(s), 1 error(s), 0 left on base; Niagara Falls 0 - Kennesaw 0
TOP OF THE 6TH
Niagara Falls Expos batting - Pitching for Kennesaw Jets : RHP José López
Batting: RHB Hou Kong 0-0: SINGLE (Flyball, 89S)
Batting: RHB Jim Unknown 0-0: Sac Bunt - play at first, batter OUT! U3
Hou Kong to second
Batting: RHB Roberto Camacho 0-0: Intentional Walk
Batting: LHB Mark Armstead 0-0: Foul Ball, location: 2F
0-1: Ball
1-1: Foul Ball, location: 2F
1-2: Foul Ball, location: 2F
1-2: Strikes out swinging
Batting: RHB Edgardo Castro 0-0: Ball
1-0: Called Strike
1-1: Ball
2-1: Fielders Choice at 2nd, 5-4 (Groundball, 56)
Top of the 6th over - 0 run(s), 1 hit(s), 0 error(s), 1 left on base; Niagara Falls 0 - Kennesaw 0
BOTTOM OF THE 6TH
Kennesaw Jets batting - Pitching for Niagara Falls Expos : LHP Jorge Alarcon
Batting: RHB Raúl Francisco 0-0: Ball
1-0: Swinging Strike
1-1: Foul Ball, location: 2F
1-2: Ball
2-2: Strikes out looking
Batting: LHB Manuel Márquez 0-0: Ball
1-0: Ball
2-0: Foul Ball, location: 2F
2-1: Ball
3-1: Fly out, F7 (Line Drive, 7S)
Batting: RHB Enoch Reinhardt 0-0: Ball
1-0: Foul Ball, location: 2F
1-1: Swinging Strike
1-2: Ball
2-2: Foul Ball, location: 2F
2-2: Strikes out swinging
Bottom of the 6th over - 0 run(s), 0 hit(s), 0 error(s), 0 left on base; Niagara Falls 0 - Kennesaw 0
TOP OF THE 7TH
Niagara Falls Expos batting - Pitching for Kennesaw Jets : RHP José López
Pinch Hitting: LHB Jim Unknown 0-0: Called Strike
0-1: Ball
1-1: Swinging Strike
1-2: Strikes out swinging
Pinch Hitting: LHB Pancho Farías 0-0: Ground out U3 (Groundball, 3L)
Batting: RHB Damien Medforth 0-0: Ball
1-0: Foul Ball, location: 2F
1-1: Ball
2-1: Swinging Strike
2-2: Ball
3-2: Strikes out swinging
Top of the 7th over - 0 run(s), 0 hit(s), 0 error(s), 0 left on base; Niagara Falls 0 - Kennesaw 0
BOTTOM OF THE 7TH
Kennesaw Jets batting - Pitching for Niagara Falls Expos : LHP Jorge Alarcon
Now at 2B: Jim Unknown
Now in RF: Pancho Farías
Batting: LHB Pedro Corona 0-0: Ball
1-0: Foul Ball, location: 2F
1-1: Ball
2-1: Foul Ball, location: 2F
2-2: Foul Ball, location: 2F
2-2: SINGLE (Line Drive, 56D)
Batting: RHB Vic Richards 0-0: Ball
1-0: Called Strike
1-1: Ball
2-1: Swinging Strike
2-2: Foul Ball, location: 2F
2-2: Ball
3-2: Fly out, F8 (Flyball, 8RM)
Pitching: RHP Manuel Montés
Pinch Hitting: RHB Jim Unknown 0-0: Called Strike
0-1: Ball
1-1: Called Strike
1-2: Fielders Choice at 2nd, 1-6 (Groundball, 13S)
Batting: RHB Bernardo Martínez 0-0: Ball
1-0: Called Strike
Jim Unknown steals 2nd base
1-1: Ground out 5-3 (Groundball, 56)
Bottom of the 7th over - 0 run(s), 1 hit(s), 0 error(s), 1 left on base; Niagara Falls 0 - Kennesaw 0
TOP OF THE 8TH
Niagara Falls Expos batting - Pitching for Kennesaw Jets : RHP José López
Now at 1B: Buck Bettis
Batting: RHB Justin Smelter 0-0: SINGLE (Flyball, 78S)
Batting: RHB Hou Kong 0-0: Ball
1-0: Bunted foul
1-1: Ball
2-1: Bunted foul
2-2: Fly out, F9 (Flyball, 9LS)
Batting: RHB Jim Unknown 0-0: Foul Ball, location: 2F
0-1: Ball
1-1: Called Strike
1-2: Fielders Choice at 2nd, 1-4 (Groundball, 15S)
Batting: RHB Roberto Camacho 0-0: Called Strike
0-1: Fly out, F9 (Flyball, 9LM)
Top of the 8th over - 0 run(s), 1 hit(s), 0 error(s), 1 left on base; Niagara Falls 0 - Kennesaw 0
BOTTOM OF THE 8TH
Kennesaw Jets batting - Pitching for Niagara Falls Expos : RHP Manuel Montés
Pinch Hitting: LHB Jim Unknown 0-0: Ball
1-0: Called Strike
1-1: SINGLE (Groundball, 34S) (infield hit)
Batting: RHB Gerardo Maldonado 0-0: Bunt missed!
0-1: Bunted foul
0-2: Ball
1-2: Grounds into double play, 6-4-3 (Groundball, 6M)
Pinch Hitting: LHB John Satcher 0-0: Ball
1-0: Ball
2-0: SINGLE (Flyball, 7S)
Pinch Hitting: LHB Vicente Matos 0-0: Ball
1-0: Foul Ball, location: 2F
1-1: Foul Ball, location: 2F
1-2: Foul Ball, location: 2F
1-2: Strikes out looking
Bottom of the 8th over - 0 run(s), 2 hit(s), 0 error(s), 1 left on base; Niagara Falls 0 - Kennesaw 0
TOP OF THE 9TH
Niagara Falls Expos batting - Pitching for Kennesaw Jets : RHP José López
Pitching: LHP Hakan Yilmanz
Now at SS: Héctor Amador
Now in CF: Omar Durán
Now in RF: Jim Unknown
Pinch Hitting: SHB Juan Carlos Santos 0-0: Swinging Strike
0-1: Ball
1-1: Ball
2-1: Called Strike
2-2: Strikes out swinging
Batting: RHB Edgardo Castro 0-0: Called Strike
0-1: Ball
1-1: Called Strike
1-2: Foul Ball, location: 2F
1-2: Ball
2-2: SINGLE (Popup, 3D)
Batting: RHB Jim Unknown 0-0: Ball
1-0: Called Strike
1-1: Grounds into double play, 4-6-3 (Groundball, 4)
Top of the 9th over - 0 run(s), 1 hit(s), 0 error(s), 0 left on base; Niagara Falls 0 - Kennesaw 0
BOTTOM OF THE 9TH
Kennesaw Jets batting - Pitching for Niagara Falls Expos : RHP Manuel Montés
Pitching: LHP Mannus Dijkman
Now in LF: Juan Carlos Santos
Batting: RHB Enoch Reinhardt 0-0: Ball
1-0: Called Strike
1-1: Called Strike
1-2: Strikes out looking
Batting: LHB Pedro Corona 0-0: Called Strike
0-1: Fly out, F9 (Flyball, 9S)
Pinch Hitting: RHB Bennett Whitaker 0-0: Foul Ball, location: 2F
0-1: SINGLE (Line Drive, 4M)
Batting: SHB Buck Bettis 0-0: Ball
1-0: Ball
2-0: Ball
3-0: Called Strike
3-1: 2-RUN HOME RUN (Flyball, 8RXD), Distance : 430 ft
Monday, March 20th, 2017 - OOTP Baseball 17.12 Build 75